 Dungeon Crawl Stone Soup version 0.30.1-11-g7821555f0a (webtiles) character file.

Game seed: 17916506421837215591

0 Sonofthefire the Insei (level 1, 13/13 HPs)
             Began as an Octopode Transmuter on Dec 26, 2023.
             Quit the game on level 1 of the Dungeon on Dec 27, 2023.
             The game lasted 00:00:28 (66 turns).

Sonofthefire the Insei (Octopode Transmuter)          Turns: 66, Time: 00:00:28

Health: 13/13      AC:  1    Str:  9    XL:     1   Next: 10%
Magic:  3/3        EV: 13    Int: 15    God:
Gold:   0          SH:  0    Dex: 12    Spells: 3/4 levels left

rFire   . .          .
                       - Unarmed
rCold   . . .        (no shield)
rNeg    . . .        (helmet restricted)
rPois   .            (no amulet)
rElec   .            (no ring)
rCorr   .            (no ring)
SInv    .            (no ring)
Will    .....        (no ring)
Stlth   ++           (no ring)
HPRegen 0.22/turn    (no ring)
MPRegen 0.08/turn    (no ring)
                     (no ring)

%: no passive effects
@: no status effects
A: almost no armour, amphibious, 8 rings, camouflage 1, gelatinous body 1,
(nimble swimmer 1), tentacles
a: no special abilities


You were on level 1 of the Dungeon.
You visited 1 branch of the dungeon, and saw 1 of its levels.

Inventory:

Scrolls
 b - a scroll of blinking {unknown}
Potions
 a - a potion of lignification
 c - a potion of ambrosia {unknown}


   Skills:
 + Level 1.0 Fighting
 + Level 2.0 Dodging
 + Level 3.0 Unarmed Combat
 + Level 2.0 Spellcasting
 + Level 2.0 Transmutations


You had 3 spell levels left.
You knew the following spells:

 Your Spells              Type           Power      Damage    Failure   Level
a - Beastly Appendage     Tmut           14%        N/A       10%         1

Your spell library contained the following spells:

 Spells                   Type           Power      Damage    Failure   Level
 Wereblood                Tmut           7%         N/A       14%         2
 Spider Form              Tmut/Pois      4%         N/A       41%         3
 Ice Form                 Ice/Tmut       4%         N/A       82%         4


Dungeon Overview and Level Annotations

Branches:
Dungeon (1/15)

Altars:


Innate Abilities, Weirdness & Mutations

You cannot wear most types of armour.
You are amphibious.
You can wear up to eight rings at the same time.
Your skin changes colour to match your surroundings (Stealth+).
Your rubbery body absorbs attacks. (AC +1, EV +1)
((You are camouflaged when in or above water. (Stealth+)))
You have tentacles for arms and can constrict up to eight enemies at once.


Message History

Welcome, Sonofthefire the Octopode Transmuter.
You feel drawn to the Orb of Zot, downwards into the unfathomable depths...
Press ? for a list of commands and other information.
Found a scroll labelled PIOTON NINT.
Found an escape hatch in the floor.
Found a staircase leading out of the dungeon.
There is an escape hatch in the floor here.
b - a scroll labelled PIOTON NINT You open the door.
There is an open door here.
You open the door.
There is an open door here.
Found 5 poisoned darts.
c - a white potion You open the door.
There is an open door here.
Found a stone staircase leading down.
Found a stone staircase leading down.
A goblin comes into view. It is wielding a +0 dagger.
Found 8 gold pieces.
A goblin is nearby!
The helpless goblin fails to defend itself.
You tentacle-slap the goblin. You grab the goblin.
The goblin is severely wounded.
You constrict the goblin, but do no damage.
The goblin misses you.
You barely miss the goblin.
The goblin is severely wounded.
You constrict the goblin.
You kill the goblin!
No target in view!
Welcome back, Sonofthefire the Octopode Transmuter.
Press ? for a list of commands and other information.
Are you sure you want to abandon this character and quit the game? (Confirm with "yes".)

#..................##.(..#
.........#.#.###+#.##....#
..>......#.'.....# #.....#
.........#.####### #.....#
#..............+ +.....#
.....###.##.#######
#......
....$##..##.#.....#
##.#...
........###+#.....#
#....##
......#...@)#.<>..# +.####
.?...##..##+#.....#+#.#
...#...... +^....'.#.# ..
#.###..# #+#####.#.# . ..
##.+ #....'.# .. .#
####.### . .# +.# .# #.#
..#


There were no monsters in sight!

Vanquished Creatures
  A goblin (D:1)
1 creature vanquished.

Notes
Turn   | Place    | Note
-------+----------+-------------------------------------------
     0 | D:1      | Sonofthefire the Octopode Transmuter began the quest for
                  | the Orb.
     0 | D:1      | Reached XP level 1. HP: 13/13 MP: 3/3
    66 | D:1      | Quit the game

Illustrated notes

Levels and vault maps discovered:
D:1:      shiori_arrival_maze, layout_rooms, shapermc_ecumenical_altar_gd,
          hex_medium, minmay_cut_off

Action                     || total
---------------------------++-------
  Melee: Unarmed           ||     2
         Constrict         ||     1
   Stab: Sleeping          ||     1
  Dodge: Dodged            ||     1
